Cogmind - Beta 16.1 @@@ ROGUE MODE // 2026.02.16 @ 12:54:03 Player: Zish Result: Destroyed by OG-ZGB(j) with Overtuned Pulse Rifle Performance ------------- Evolutions (0) 0 Regions Visited (3) 600 Robots Destroyed (37) 185 Value Destroyed (833) 833 Prototype IDs (8) 160 Alien Tech Used (0) 0 Bonus (791) 791 TOTAL SCORE: 2569 Bonus ------- Registered with UFD 300 Met Optimus in HQ 500 Friendly Fire -9 Cogmind --------- Core Integrity 0/250 Matter 300/300 Energy 140/160 System Corruption 1% Temperature Cool (12) Movement Treading (200) Ox1 Location -7/Scraptown Parts ------- > --- POWER (1) -------- Light Nuclear Core > --- PROPULSION (2) --- Light Treads Overtuned Treads > --- UTILITY (2) ------ High-capacity Storage Unit Hacking Suite > --- WEAPON (2) ------- Battle Cannon > --- INVENTORY (20) --- Light Treads Light Treads Light Treads Overtuned Treads Overtuned Treads Overtuned Treads Overtuned Medium Treads Scrap Suit Makeshift Hacking Suite Overtuned Beamcaster Light Assault Rifle Light Assault Rifle Shotgun Shotgun Mini Grenade Launcher CPS Tube (2) DRS Beacon (Ready) Peak State ------------ > --- POWER ------------ Light Nuclear Core > --- PROPULSION ------- Light Treads Overtuned Treads > --- UTILITY ---------- High-capacity Storage Unit Hacking Suite > --- WEAPON ----------- High-powered Shotgun Battle Cannon > --- INVENTORY -------- Light Nuclear Core Light Treads Light Treads Light Treads Overtuned Treads Overtuned Treads Overtuned Treads Overtuned Medium Treads Scrap Suit Makeshift Hacking Suite Overtuned Beamcaster Light Assault Rifle Light Assault Rifle Shotgun Shotgun Mini Grenade Launcher CPS Tube DRS Beacon [Rating: 21] Favorites ----------- Power Light Nuclear Core Engine Ion Engine Power Core Light Nuclear Core Propulsion Light Treads Treads Light Treads Utility High-capacity Storage Unit Storage High-capacity Storage Unit Hackware Hacking Suite Weapon Shotgun Ballistic Gun Shotgun Ballistic Cannon Battle Cannon Launcher Grenade Launcher Build | -11 -10 -10 -7 ------- Run | Yrd Mat Sub Scr Slots Evolved . | . . . . Power . | . . . . Propulsion . | . . . . Utility . | . . . . Weapon . | . . . . Parts Attached 20 | 6 7 1 6 Power 3 | 1 . 1 1 Engine 1 | 1 . . . Core 2 | . . 1 1 Reactor . | . . . . Propulsion 4 | 2 1 . 1 Treads 4 | 2 1 . 1 Leg . | . . . . Wheel . | . . . . Hover . | . . . . Flight . | . . . . Utility 3 | 1 2 . . Device . | . . . . Storage 2 | 1 1 . . Processor . | . . . . Hackware 1 | . 1 . . Protection . | . . . . Artifact . | . . . . Weapon 10 | 2 4 . 4 Energy Gun . | . . . . Energy Cannon . | . . . . Ballistic Gun 7 | 2 3 . 2 Ballistic Cannon 1 | . . . 1 Launcher 2 | . 1 . 1 Special Weapon . | . . . . Impact Weapon . | . . . . Slashing Weapon . | . . . . Piercing Weapon . | . . . . Special Melee Weapon . | . . . . Unidentified Prototypes . | . . . . Parts Lost 5 | . 1 1 3 Power 2 | . . 1 1 Propulsion . | . . . . Utility . | . . . . Weapon 3 | . 1 . 2 Highest Loss Streak 3 | . 1 1 3 To Critical Strikes . | . . . . Average Backups 10 | 1 7 8 14 Power 1 | . 1 1 1 Propulsion 2 | . . 2 3 Utility . | . . . . Weapon 6 | . 4 5 8 Tool/Special . | . . . . Unused Backups 13 | . 3 . 10 Power 1 | . 1 . . Propulsion 5 | . . . 5 Utility 2 | . . . 2 Weapon 4 | . 2 . 2 Tool/Special 1 | . . . 1 Average Slot Usage (%) 89 | . 89 99 81 Engine 6 | . 14 5 . Core 7 | . . 8 14 Treads 27 | . 27 28 28 Storage 14 | . 14 14 14 Hackware 10 | . 4 14 14 Ballistic Gun 20 | . 27 28 9 Peak Build Rating 21 | 6 12 14 21 Average Rating 12 | 4 9 13 14 On Entrance 8 | . 6 12 14 Avg Prop Armor Cover (%) 10 | . . . 10 Naked Turns . | . . . . Heaviest Build 56 | 12 56 51 51 Greatest Support 40 | 40 40 40 40 Greatest Overweight (x) 2 | . 2 1 2 Average Overweight (x) . | . . 1 1 Largest Inventory Capacity 20 | 8 20 20 20 Average Capacity 19 | 6 18 20 20 Most Carried 20 | 2 9 9 20 Average Carried 10 | 1 7 8 14 Final Capacity 20 | 8 20 20 20 Final Carried 18 | 2 9 9 18 Class Distribution -------------------- 98% | Mutant Dominant Class ---------------- Mutant | -10/Materials Mutant | -10/Subcaves Mutant | -7/Scraptown Resources | -11 -10 -10 -7 ----------- Run | Yrd Mat Sub Scr Matter Collected 1054 | 205 628 65 156 Remotely . | . . . . Salvage Created 1124 | . 798 73 253 Parts 86 | . 63 6 17 Haulers Intercepted 2 | . 2 . . Recyclers Shooed 2 | . 2 . . Parts Field Recycled . | . . . . Retrieved Matter . | . . . . Parts Self-Destructed 1 | . . 1 . Prevented . | . . . . Parts Restored . | . . . . Kills | -11 -10 -10 -7 ------- Run | Yrd Mat Sub Scr Combat Hostiles Destroyed 23 | . 17 2 4 Guns 19 | . 17 2 . AOE 4 | . . . 4 Classes Destroyed 13 | . 9 1 3 Worker 3 | . 3 . . Builder 3 | . 3 . . Tunneler 1 | . 1 . . Hauler 2 | . 2 . . Recycler 1 | . 1 . . Operator 3 | . 3 . . Watcher 1 | . 1 . . Swarmer 6 | . 6 . . Grunt 11 | . 11 . . Subdweller 2 | . . 2 . Guru 1 | . . . 1 Scrapper 2 | . . . 2 Elite 1 | . . . 1 Best Kill Streak 8 | . 8 2 1 Combat Bots Only 3 | . 3 2 1 Max Kills in Single Turn 2 | . 2 1 1 Gunslinging 1 | . 1 . . Exploded 1 | . . . 1 Melee . | . . . . Uniques/NPCs Destroyed . | . . . . Combat | -11 -10 -10 -7 -------- Run | Yrd Mat Sub Scr Hostile Shots Fired 136 | . 64 14 58 Missed 42 | . 21 . 21 Hits 94 | . 43 14 37 Projectile 94 | . 43 14 37 Critical Strikes 2 | . . 1 1 Damage Taken 1551 | . 539 360 652 Core 266 | . 87 26 153 Absorbed by Shields . | . . . . Regen/Repaired (Parts) 366 | . 208 . 158 Core Remaining (%) 100 | 100 . . . Volleys Fired 78 | . 62 7 9 Largest 2 | . 2 2 2 Hottest 58 | . 46 46 58 Shots Fired 153 | . 123 14 16 Gun 146 | . 123 14 9 Cannon 1 | . . . 1 Launcher 6 | . . . 6 Special . | . . . . Kinetic 147 | . 123 14 10 Thermal . | . . . . Explosive 6 | . . . 6 Electromagnetic . | . . . . Robot Hit Streak 8 | . 8 5 5 Robot Miss Streak 7 | . 7 2 6 Penetration Max . | . . . . Secondary Targets 2 | . 2 . . Max Gunslinging Chain 1 | . 1 . . Shots Hit Robots 103 | . 81 12 10 Core Hits 69 | . 53 6 10 Critical Kills . | . . . . Critical Parts Destroyed 1 | . 1 . . Critical Strikes 2 | . 1 1 . Destroy 2 | . 1 1 . Melee Attacks . | . . . . Impact . | . . . . Slashing . | . . . . Piercing . | . . . . Sneak Attacks . | . . . . Combat Hostiles . | . . . . Follow-up Attacks . | . . . . Damage Inflicted 1658 | . 1232 202 224 Guns 1513 | . 1229 202 82 Cannons . | . . . . Explosions 142 | . . . 142 Melee . | . . . . Ramming 3 | . 3 . . Kinetic 1513 | . 1229 202 82 Thermal . | . . . . Explosive 142 | . . . 142 Electromagnetic . | . . . . Impact . | . . . . Slashing . | . . . . Piercing . | . . . . Highest Corruption 1 | . . . 1 Average Corruption 1 | . . . 1 Corruption Purged . | . . . . Corruption Blocked . | . . . . Effects 1 | . . . 1 Data Loss (major) 1 | . . . 1 Overload Shots . | . . . . Overflow Damage . | . . . . Projectiles . | . . . . Explosions . | . . . . Melee . | . . . . Knockbacks . | . . . . Impact . | . . . . Kinetic . | . . . . Secondary . | . . . . Self-Inflicted Damage 41 | . . . 41 Shots 3 | . . . 3 Rammed 1 | . 1 . . Targets Rammed 1 | . 1 . . Kicked . | . . . . Crushed . | . . . . Highest Temperature 264 | . 4 264 27 Average Temperature 43 | . 1 143 15 Received Heat Transfer 881 | . 228 352 301 Effects 1 | . . 1 . Energy Bleed 1 | . . 1 . Siege Activations . | . . . . Martial Activations . | . . . . Shielding Activations . | . . . . Robots Disrupted . | . . . . Combat Hostiles . | . . . . Robots Corrupted . | . . . . Combat Hostiles . | . . . . Parts Fried . | . . . . Impact Corruptions . | . . . . Robots Melted . | . . . . Combat Hostiles . | . . . . Parts Melted 2 | . . . 2 Heat Transferred . | . . . . Parts Sabotaged . | . . . . Parts Stolen . | . . . . Parts Stripped . | . . . . Power Chain Reactions . | . . . . Alert | -11 -10 -10 -7 ------- Run | Yrd Mat Sub Scr Maximum Alert Level 1 | . 1 . . Low Security (%) 98 | 100 98 . . Level 1 1 | . 1 . . Level 2 . | . . . . Level 3 . | . . . . Level 4 . | . . . . Level 5 . | . . . . High Security . | . . . . Max Security . | . . . . Peak Influence 209 | . 209 . . Initial . | . . . . Average 42 | . 44 . . Influence Increases 512 | . 512 . . Destroy 0b10 Robot/C 340 | . 340 . . Destroy 0b10 Robot/NC 70 | . 70 . . Destroy Leader 86 | . 86 . . Successful Hack 1 | . 1 . . Lose Combat Pursuer 15 | . 15 . . Influence Decreases 512 | . 512 . . Time Decay 502 | . 502 . . Lost Part 10 | . 10 . . Squads Dispatched 4 | . 4 . . Investigation 1 | . 1 . . Extermination . | . . . . Reinforcement 3 | . 3 . . Assault . | . . . . Garrison . | . . . . Intercept . | . . . . Searches Triggered . | . . . . Construction Impeded . | . . . . Haulers Reinforced . | . . . . Active Scanning Responses . | . . . . Cargo Convoy Interrupts . | . . . . Stealth | -11 -10 -10 -7 --------- Run | Yrd Mat Sub Scr Distress Signals 3 | . 3 . . Communications Jammed . | . . . . Distress Signals . | . . . . Times Spotted 47 | . 31 2 14 Peak Tracking Total 8 | . 3 2 8 Tactical Retreats 2 | . 1 . 1 Traps | -11 -10 -10 -7 ------- Run | Yrd Mat Sub Scr Traps Triggered 2 | . 2 . . Indirectly . | . . . . Trap Hack Attempts . | . . . . Triggered . | . . . . Disarmed . | . . . . Reprogrammed . | . . . . Reused . | . . . . Traps Extracted . | . . . . Installed . | . . . . Triggered . | . . . . Machines | -11 -10 -10 -7 ---------- Run | Yrd Mat Sub Scr Machines Disabled 1 | . . . 1 Max in Single Turn 1 | . . . 1 Machines Repaired . | . . . . Machines Dismantled . | . . . . Machines Sabotaged . | . . . . Overloaded Fab Kills . | . . . . Hacking | -11 -10 -10 -7 --------- Run | Yrd Mat Sub Scr Machines Accessed 12 | . 4 . 8 Terminals 2 | . 2 . . Fabricators . | . . . . Repair Stations 1 | . 1 . . Recycling Units 1 | . 1 . . Scanalyzers . | . . . . Garrison Access . | . . . . Total Hacks 54 | . 9 . 45 Successful 54 | . 9 . 45 Failed . | . . . . Catastrophic . | . . . . Database Lockouts . | . . . . Manual . | . . . . Terminals 4 | . 4 . . Fabricators . | . . . . Repair Stations 4 | . 4 . . Recycling Units 1 | . 1 . . Scanalyzers . | . . . . Garrison Access . | . . . . Terminal Hacks 49 | . 4 . 45 Record 46 | . 2 . 44 Prototype ID Bank 1 | . 1 . . Alert Level 1 | . 1 . . Proto ID Catalog 1 | . . . 1 Fabricator Hacks . | . . . . Repair Station Hacks 4 | . 4 . . Scan Component 2 | . 2 . . Repair 2 | . 2 . . Recycling Unit Hacks 1 | . 1 . . Report Inventory 1 | . 1 . . Scanalyzer . | . . . . Garrison Access Hacks . | . . . . Unauthorized Hacks . | . . . . Terminals . | . . . . Fabricators . | . . . . Repair Stations . | . . . . Recycling Units . | . . . . Scanalyzers . | . . . . Garrison Access . | . . . . Data Cores Recovered . | . . . . Used . | . . . . Hacking Detections 2 | . 2 . . Full Trace Events 1 | . 1 . . Feedback Events . | . . . . Feedback Blocked . | . . . . Robot Schematics Acquired . | . . . . Robots Built . | . . . . Authchips . | . . . . Time . | . . . . Total Robot Build Rating . | . . . . Part Schematics Acquired . | . . . . Parts Built . | . . . . Authchips . | . . . . Time . | . . . . Total Part Build Rating . | . . . . Part Studies Acquired . | . . . . Parts Repaired 2 | . 2 . . Time 58 | . 58 . . Parts Recycled . | . . . . Recycled Matter . | . . . . Retrieved Matter . | . . . . Retrieved Components . | . . . . Parts Scanalyzed . | . . . . Part Schematics Acquired . | . . . . Parts Damaged . | . . . . Bothacking | -11 -10 -10 -7 ------------ Run | Yrd Mat Sub Scr Used RIF Installer . | . . . . Robots Hacked . | . . . . Non-combat . | . . . . Combat . | . . . . Robot Hacks Applied . | . . . . Relay Couplers Released . | . . . . Fabnet Peak Effective % . | . . . . Robots Rewired . | . . . . Allies Hacked . | . . . . Hacks Repelled . | . . . . Allies | -11 -10 -10 -7 -------- Run | Yrd Mat Sub Scr Total Allies . | . . . . Largest Group . | . . . . Highest-Rated Group . | . . . . Highest-Rated Ally . | . . . . Total Orders . | . . . . Ally Attacks . | . . . . Total Damage . | . . . . Kills . | . . . . Allies Corrupted . | . . . . Allies Melted 9 | . . . 9 Intel | -11 -10 -10 -7 ------- Run | Yrd Mat Sub Scr Active Infowar (turns) . | . . . . Robot Analysis Total . | . . . . Derelict Logs Recovered 1 | . . 1 . Drone Launches . | . . . . Drone Recoveries . | . . . . Exploration | -11 -10 -10 -7 ------------- Run | Yrd Mat Sub Scr Turns Passed 6022 | 99 2032 1570 2321 Spaces Moved 2383 | 60 736 643 944 Core 7 | 7 . . . Treads 2376 | 53 736 643 944 Legs . | . . . . Wheels . | . . . . Hover . | . . . . Flight . | . . . . Fastest Speed 50 | 50 160 240 200 Average Speed 234 | 147 227 240 241 Slowest Speed 320 | 160 320 240 320 Overloaded Moves . | . . . . Propulsion Burnouts . | . . . . Robots Hopped . | . . . . Potential Cave-ins . | . . . . Cave-ins Triggered . | . . . . Exploration Rate (%) 47 | 5 87 39 59 Regions Visited 3 Branch Regions 2 Pre-discovered Areas 1 | . . 1 . Known Exits Taken . | . . . . Unknown Exits Taken 3 | 1 1 1 . Scrap Searched 3 | . . . 3 Spaces Dug . | . . . . Terrain Destroyed 21 | . . . 21 Melee . | . . . . Projectile . | . . . . AOE 21 | . . . 21 Terrain Rammed . | . . . . Walls Destroyed . | . . . . Machines Disabled . | . . . . Actions | -11 -10 -10 -7 --------- Run | Yrd Mat Sub Scr Total 2672 | 68 972 657 975 Wait 151 | . 145 6 . Move 2380 | 59 735 642 944 Hop . | . . . . Pick Up 26 | 3 11 1 11 Fast Attach 9 | 5 4 . . Attach 11 | 1 4 1 5 Detach 7 | . 4 . 3 Swap 2 | . 1 . 1 Drop 7 | . 5 . 2 Fire 78 | . 62 7 9 Melee . | . . . . Ram . | . . . . Kick . | . . . . Crush 1 | . 1 . . Escape Stasis . | . . . . Rewire . | . . . . Trap . | . . . . Miscellaneous . | . . . . Route ------- -11/Scrapyard -10/Materials (discovered 5 exits: [*Mat x2] / [*Min x2] / [*Sub]) -10/Subcaves -7/Scraptown (discovered 2 exits: *Fac x2) History --------- Turn | Location | Event 18 | -11/Scrapyard | Discovered new exit (range 16) 100 | -11/Scrapyard | Entered Materials 316 | -10/Materials | Build established: Mutant 587 | -10/Materials | Discovered new exit (range 14) 817 | -10/Materials | Discovered new exit (range 16) 1720 | -10/Materials | Repaired Lgt. Treads 1754 | -10/Materials | Repaired Shotgun 1807 | -10/Materials | Discovered new exit (range 15) 1911 | -10/Materials | Discovered new exit (range 6) 1988 | -10/Materials | Discovered new exit (range 12) 2132 | -10/Materials | Entered Subcaves 2133 | -10/Subcaves | Approached by a straggling Scientist 2134 | -10/Subcaves | Shifting Twisted Machinery released Sub. Beam Cannon 2360 | -10/Subcaves | Learned Materials emergency access door positions 2517 | -10/Subcaves | Learned location of Zion (-6) 2517 | -10/Subcaves | Met a Zionite searching for "candidates" 3540 | -10/Subcaves | Shifting Twisted Machinery released Sub. Laser 3702 | -10/Subcaves | Entered Scraptown 4428 | -7/Scraptown | Visited UFD Registry 4428 | -7/Scraptown | Registered with UFD as "Metalblaster" 4466 | -7/Scraptown | Visited CR-KLE's Repair Center 4495 | -7/Scraptown | CR-KLE repaired 3 parts 4685 | -7/Scraptown | Visited Modified Component R&D 4836 | -7/Scraptown | Visited Curators Association 5006 | -7/Scraptown | Found Scrap Suit 5108 | -7/Scraptown | Discovered new exit (range 5) 5201 | -7/Scraptown | Visited Abandonware Association 5247 | -7/Scraptown | Learned abandonware demo "HACKBUD.EXE" 5305 | -7/Scraptown | Visited Science Testing Area 5391 | -7/Scraptown | Met Optimus 5391 | -7/Scraptown | Accepted into 0bPrime 5492 | -7/Scraptown | Visited Scrap Suit Storage 5571 | -7/Scraptown | Visited Derelict Rescue Squad 5590 | -7/Scraptown | Found DRS Beacon 5646 | -7/Scraptown | Visited Science Guys 5747 | -7/Scraptown | Visited Junk Repository 5770 | -7/Scraptown | Civil war broke out across Scraptown 5859 | -7/Scraptown | Identified exit to Factory 5898 | -7/Scraptown | Attacked by Scraptown defenders 5919 | -7/Scraptown | Core integrity fell below 50% 6010 | -7/Scraptown | Core integrity fell below 20% 6023 | -7/Scraptown | Destroyed by OG-ZGB(j) with Overtuned Pulse Rifle Last Messages --------------- 05951_ Autobeam Turret switches sides. 05958_ Acquired 28 matter. 05971_ D1-PIA(j) destroyed. 05986_ Ovr. Treads recovered from malfunction. 05989_ QG-XRG(j): "Optimus is right, we must act now or regret it later." 05993_ Acquired 14 matter. 06001_ Grenade Launcher destroyed. 06006_ Hpw. Shotgun destroyed. 06010_ Acquired 14 matter. 06012_ QG-XRG(j) destroyed. 06014_ PM-FRI(j) heat short circuits Scrap Suit. 06014_ Lgt. Nuclear Core destroyed. 06015_ System corrupted: Substantial component data lost. 06015_ OG-ZGB(j) heat short circuits Ovr. Titanium Leg. 06019_ Acquired 10 matter. 06019_ 0P-ERZ(E) destroyed. [Achievement: Just Browsing] Map ----- +----------------------------------------------------+ | ?????????????????????????????????????????????????? | | ?????????????????????????????????????????????????? | | ?????????????????????????????????????????????????? | | ?????????????????????????????????????????????????? | | ?????????????????????????????????????????????????? | | ?????????????????????????????????????????????????? | | ?????????????????????????????????????????????????? | | ?????????????????????????????????????????????????? | | ?????????????????????????????????#####???????????? | | ?????????????????????????????????#"""#???????????? | | ??###################???####?????#" "#???????????? | | ??"""##"""##""|##"""#??##[!##????# < #???????????? | | ??"" ##""!##"" ##! "####=!=!###### ##??????????? | | ?#"" !*!% #??????????? | | ?# =/!! #??????????? | | ?#######################*%*=###########??????????? | | ???????????????????????##!%%#????????????????????? | | ????##???##?????????????#!j#?????????????????????? | | ????#"###"#?????????????#!==?????????????????????? | | ?#### "=" ####??????????#!g###########???????????? | | ?#" """ "#????#?????[*!#"""""""""#???????????? | | ??#"" ""#?????"""" ##%l# " " " #???????????? | | ??#!" "&##"?? """"?#[p# #???????????? | | ?##"" ""## """ " ?#=%# "# #" #???????????? | | ?#" "# """"""??#&!# "#X#" #???????????? | | ?##"" ""## """ "?#@!# "###" #???????????? | | ??#!" "!## ""##%!# !"""" #???????????? | | ?##"" ""##? ##!%# *%*!=%[ #???????????? | | ##" "#???"""""??#!=#!=== #???????????? | | ##### ########### #?###[=*# ########???????????? | | #### #"""## ###!%%[## ##???#######???????? | | """""" "[ "" """*!%!""[ ##?? #???????? | | !%! !%= !*[%=!%!%*=""#? #???????? | | == [ %!*!=[[![["*#? #???????? | | ![=[=!%!=!%%=# #???????? | | [% [!==!%!=%!# #???????? | | = *%!=!!==[%*==!= #???????? | | """""""""""""""""""""""!%=%!!!*##[! #???????? | | """"""""""""""""""""""" *!=j[%[#? ! #???????? | | ##### ################**=[*!*=#?? #???????? | | ##????????#=[=!=[!%#############?????? | | X"#????????#!%%!=!%*## #"""""#""#?????? | | "" "" ##????????# ===!%=!%# !!!! !#?????? | | "" "" X"#??????### [!!!=%*## #?????? | | " " ######### " [ %![!%&# #?????? | | "" [=*!!!%*% X" #?????? | | "" %%[=!%*"## ##"#?????? | | " " ######### #"[%* "## !!!!!#????????? | | "" "" ""#??????###"" "## #"""""#????????? | | "" "" ##????????#"" "##############????? | +----------------------------------------------------+ Best States ------------- Heat Dissipation 25 Energy Generation 14 Energy Capacity 250 Matter Stores 300 Matter Capacity 300 Sight Range 16 Terrain Scan Density 10 Evasion (%) 40 Recoil Reduction 2 Offensive Hacking 10 Item Schematics ----------------- None Robot Schematics ------------------ None Fabricated ------------ Nothing Repaired ---------- Lgt. Treads | 17% | -10/Materials Shotgun | 19% | -10/Materials Studied --------- None Alien Tech Used ----------------- None Achievements -------------- Civilization 2243 Just Browsing Link The Feds Challenges ------------ None Game ------ Seed SpikedThrusterBlade Manual? 0 Play Time 00:30:30 Cumulative 24.3 hours Start 2026.02.16 @ 12:22:56 End 2026.02.16 @ 12:54:03 Sessions 1 Manual Loads 0 Difficulty Rogue Special Mode None Game No. 62 Rogue 62 Adventurer 0 Explorer 0 Win Type - Total 0 Types 0/0/0/0/0/0/0/0/0/0 Lore% 16 Gallery% 25 Achievement% 19 Wizard Run 0 Options --------- Layout 1 ASCII 0 Keyboard 1 Movement Vi Keybinds 0 Fullscreen 1 Font 24/Smallcaps Map View 50x35 Zoom Use 0% Tactical HUD 1 Map Filters NONE Filters NONE Steam 1 RUN: 329c6dc7-95d1-4981-bd4e-624b7fcdf722